 Dungeon Crawl Stone Soup version 0.31-a0-702-gf82c85558f (webtiles) character file.

Game seed: 11442470997553274786

170 qw the Shooter (level 5, -4/32 HPs)
             Began as a Gargoyle Hunter on Sept 8, 2023.
             Killed from afar by an orc wizard (8 damage)
             ... with a magic dart
             ... on level 4 of the Dungeon.
             The game lasted 00:00:48 (2313 turns).

qw the Shooter (Gargoyle Hunter)                    Turns: 2313, Time: 00:00:49

Health: -4/32      AC:  9    Str: 15    XL:     5   Next: 50%
Magic:  5/5        EV: 11    Int:  9    God:
Gold:   142        SH:  0    Dex: 15    Spells: 4/4 levels left

rFire   . . .        Y - +1 shortbow
rCold   . . .        (shield currently unavailable)
rNeg    + . .        d - +0 ring mail
rPois   inf          (no helmet)
rElec   +            (no cloak)
rCorr   .            (no gloves)
SInv    .            (no boots)
Will    .....        (no amulet)
Stlth   +            (no ring)
HPRegen 0.25/turn    (no ring)
MPRegen 0.09/turn

%: no passive effects
@: no status effects
A: sickness immunity, AC +4, negative energy resistance 1, electricity
resistance, torment resistance 1, petrification resistance
a: no special abilities


You were on level 4 of the Dungeon.
You visited 1 branch of the dungeon, and saw 4 of its levels.

You collected 142 gold pieces.


Innate Abilities, Weirdness & Mutations

You are immune to sickness and miasma.
Your stone body is resilient. (AC +4)
You are immune to poison.
You resist negative energy. (rN+)
You are resistant to electric shocks. (rElec)
You are resistant to unholy torment.
You are immune to petrification.


   Skills:
 - Level 3.0 Fighting
 + Level 5.4 Ranged Weapons
 - Level 3.2 Armour
 - Level 1.5 Dodging
 - Level 1.1 Stealth


You had 4 spell levels left.
You didn't know any spells.
Your spell library was empty.

Inventory:

Hand Weapons
 Y - a +1 shortbow (weapon)
Armour
 d - a +0 ring mail (worn)
Scrolls
 c - 2 scrolls of teleportation {unknown}
Potions
 a - a potion of ambrosia {unknown}
 b - a potion of brilliance {unknown}
 e - a potion of heal wounds {unknown}
 f - a potion of lignification {unknown}
 g - a potion of might
 h - a potion of resistance {unknown}

Dungeon Overview and Level Annotations

Branches:
Dungeon (4/15)
 Temple: D:4-7

Altars:


Message History

The orc hits you from afar with a +0 trident.
The orc wizard hits you but does no damage.
You feel less confused.
The orc hits you from afar with a +0 trident. x2
The orc wizard hits you with a +0 dagger.
You shoot an arrow.
The arrow closely misses the orc wizard.
The orc closely misses you.
The orc hits you from afar with a +0 trident.
The orc wizard gestures at you while chanting.
The puff of flame hits you!
You shoot an arrow.
The arrow hits the orc wizard but does no damage.
The orc wizard is lightly wounded.
The orc closely misses you. The orc barely misses you.
The orc wizard barely misses you.
You shoot an arrow. The arrow barely misses the orc wizard.
The orc completely misses you. The orc closely misses you.
The orc wizard hits you but does no damage.
You shoot an arrow. The arrow hits the orc wizard!
The orc wizard is heavily wounded.
The orc barely misses you. The orc hits you but does no damage.
The orc wizard hits you but does no damage.
The orc closely misses you. The orc wizard barely misses you.
The orc hits you from afar with a +0 trident!
You shoot an arrow.
The arrow closely misses the orc wizard.
The orc hits you from afar with a +0 trident.
The orc closely misses you.
The orc wizard hits you but does no damage.
You shoot an arrow. The arrow barely misses the orc wizard.
The orc barely misses you. The orc hits you but does no damage.
The orc wizard points at you and mumbles some strange words.
The puff of flame hits you.
You shoot an arrow.
The arrow closely misses the orc wizard.
The orc misses you. The orc barely misses you.
The orc wizard points at you and mumbles some strange words.
The magic dart hits you!
You die...

.##.#...#...... ..!....
....##.##...... .......
#.......####. .......
#...#.##..... ......!
###.#.##..... )......
#.#.####### #....######
#.#........
#+##!...#...####.#########
oo.)....'@..+.............
o.....#o#o..###..###..####
......'.o........# #..#
......###..>..##.# #..#
##### #####.##.# #..#
#.##.# #..# #.##.###).#
#.##.#.%..####
#.........#...


You could see an orc wizard and 2 orcs.

Vanquished Creatures
  An ogre (D:4)
  2 adders (D:2)
  2 dart slugs
  3 orcs
  5 ball pythons
  8 endoplasms
  A giant cockroach (D:3)
  4 goblins
  3 hobgoblins
  6 jackals (D:1)
  2 quokkas
  7 bats
  3 frilled lizards
  4 kobolds
  3 rats (D:1)
54 creatures vanquished.

Notes
Turn   | Place    | Note
-------+----------+-------------------------------------------
     0 | D:1      | qw the Gargoyle Hunter began the quest for the Orb.
     0 | D:1      | Reached XP level 1. HP: 12/12 MP: 1/1
     0 | D:1      | 0 ||| qw: Version: 0.3-a-76-g4403597
     0 | D:1      | 0 ||| qw: Game counter: 1161
     0 | D:1      | 0 ||| qw: Melee chars always use a shield: true
     0 | D:1      | 0 ||| qw: God list: Okawaru
     0 | D:1      | 0 ||| qw: Allow faded altars: false
     0 | D:1      | 0 ||| qw: Do Orc after clearing Dungeon:15 true
     0 | D:1      | 0 ||| qw: Do second Lair branch before Depths: true
     0 | D:1      | 0 ||| qw: Lair rune preference: random
     0 | D:1      | 0 ||| qw: Goals: Normal
     0 | D:1      | 0 ||| PLANNING D:1-11
   162 | D:1      | Reached XP level 2. HP: 17/17 MP: 2/2
   166 | D:1      | Found a faded altar of an unknown god.
   564 | D:1      | Reached XP level 3. HP: 16/21 MP: 3/3
   669 | D:1      | 669 ||| READING scroll labelled TUROUR VUOW.
   670 | D:1      | 670 ||| READING scroll labelled ISUITHUAFE.
   671 | D:1      | 671 ||| DROPPING scroll of butterflies.
   710 | D:2      | Reached skill level 5 in Ranged Weapons
  1002 | D:2      | Reached skill level 3 in Fighting
  1002 | D:2      | Reached XP level 4. HP: 28/28 MP: 4/4
  1233 | D:2      | 1233 ||| DROPPING ring of wizardry.
  1234 | D:2      | 1234 ||| READING scroll labelled XUCOIH LEVVUS.
  1235 | D:2      | 1235 ||| READING scroll labelled IDYJEBB KAFEONN.
  1768 | D:3      | 1768 ||| FLEEEEING.
  1769 | D:3      | 1769 ||| FLEEEEING.
  2037 | D:3      | 2037 ||| UPGRADING to +0 ring mail.
  2047 | D:3      | 2047 ||| DROPPING +0 leather armour.
  2048 | D:3      | 2048 ||| READING scroll labelled EMPUEPR QOFEMA.
  2049 | D:3      | 2049 ||| DRINKING 2 murky purple potions.
  2258 | D:4      | Noticed an ogre
  2263 | D:4      | Killed an ogre
  2264 | D:4      | Reached skill level 3 in Armour
  2264 | D:4      | Reached XP level 5. HP: 32/32 MP: 5/5
  2289 | D:4      | 2289 ||| Stepping ~*~*~tactically~*~*~ (outnumbered).
  2291 | D:4      | 2291 ||| Stepping ~*~*~tactically~*~*~ (outnumbered).
  2294 | D:4      | 2294 ||| Stepping ~*~*~tactically~*~*~ (outnumbered).
  2297 | D:4      | 2297 ||| Stepping ~*~*~tactically~*~*~ (outnumbered).
  2310 | D:4      | HP: 8/32 [orc/+0 trident (7)]
  2312 | D:4      | HP: 3/32 [orc wizard/puff of flame (4)]
  2313 | D:4      | Killed from afar by an orc wizard

Levels and vault maps discovered:
D:1:      grunt_arrival_lava_bath, layout_basic,
          hellmonk_ecumenical_altar_lost_god
D:2:      layout_basic
D:3:      layout_loops_corners
D:4:      layout_basic, grunt_temple_overflow_open, minmay_temple_entry_wispy,
          hangedman_decor_clover_reticule, nicolae_shop_gadgets

Skill      XL: |  1  2  3  4 |
---------------+-------------+-----
Ranged Weapons | 5 |  5.4
Fighting       | 3 |  3.0
Armour         | 3 |  3.2
Dodging        | |  1.5
Stealth        | |  1.1

Action                     |  1- 3 |  4- 6 || total
---------------------------+-------+-------++-------
   Fire: Shortbow          |   116 |    57 ||   173
    Use: Scroll            |     2 |     3 ||     5
         Potion            |       |     1 ||     1
 Armour: Leather armour    |    35 |     3 ||    38
         Ring mail         |       |    17 ||    17
  Dodge: Dodged            |    47 |    20 ||    67

Table legend:
 A = Non-vault XP
 B = Vault XP
 C = Vault XP percentage of total XP
 D = Non-vault monster count
 E = Vault monster count
 F = Vault count percentage of total count
                 A         B        C        D         E       F
            +---------+---------+-------+---------+---------+-------
      Total |     243 |       0 |   0.0 |      54 |       0 |   0.0
            +---------+---------+-------+---------+---------+-------
        D:1 |      37 |       0 |   0.0 |      22 |       0 |   0.0
        D:2 |      50 |       0 |   0.0 |      16 |       0 |   0.0
        D:3 |      22 |       0 |   0.0 |      11 |       0 |   0.0
        D:4 |     134 |       0 |   0.0 |       5 |       0 |   0.0
            +---------+---------+-------+---------+---------+-------
